 Dungeon Crawl Stone Soup version 0.25-a0-972-g74ed164fb1 (webtiles) character file.

Game seed: 14646621644301982522, levelgen mode: deterministic

84 Maedhros the Sneak (level 4, -1/28 HPs)
             Began as an Octopode Artificer on May 9, 2020.
             Slain by an ooze (5 damage)
             ... on level 4 of the Dungeon.
             The game lasted 00:02:15 (284 turns).

Maedhros the Sneak (Octopode Artificer)              Turns: 284, Time: 00:02:16

Health: -1/28      AC:  1    Str: 11    XL:     4   Next: 46%
Magic:  6/6        EV: 13    Int: 13    God:
Gold:   30         SH:  0    Dex: 13    Spells: 3/3 levels left

rFire    . . .     SeeInvis .   a - +0 short sword
rCold    . . .     Gourm    .   (no shield)
rNeg     + . .     Faith    .   (helmet restricted)
rPois    .         Spirit   .   (no amulet)
rElec    .         Reflect  .   g - ring of positive energy
rCorr    .         Harm     .   (no ring)
MR       .....                  (no ring)
Stlth    +++.......             (no ring)
HPRegen  0.09/turn              (no ring)
MPRegen  0.10/turn              (no ring)
                                (no ring)
                                (no ring)

@: no status effects
A: almost no armour, stealthy swim, amphibious, 8 rings, constrict 8, camouflage
1, gelatinous body 1
a: no special abilities


You were on level 4 of the Dungeon.
You were not hungry.

You visited 1 branch of the dungeon, and saw 4 of its levels.

You collected 30 gold pieces.

Inventory:

Hand Weapons
 a - a +0 short sword (weapon)
Jewellery
 g - a ring of positive energy (left tentacle)
Wands
 b - a wand of flame (15)
 c - a wand of enslavement (4)
 d - a wand of random effects (15)
Scrolls
 e - a scroll of remove curse {unknown}
Potions
 h - a potion of heal wounds {unknown}
 i - a potion of curing {unknown}
Comestibles
 f - a ration


   Skills:
 - Level 1.0 Fighting
 - Level 1.0 Short Blades
 - Level 2.0 Dodging
 - Level 4.0 Stealth
 + Level 2.9 Unarmed Combat
 - Level 3.2 Evocations


You had 3 spell levels left.
You didn't know any spells.
Your spell library was empty.

Dungeon Overview and Level Annotations

Branches:
Dungeon (4/15)
 Temple: D:4-7

Altars:
Nemelex Xobeh
Trog

Annotations:
D:4 Edmund


Innate Abilities, Weirdness & Mutations

You cannot wear most types of armour.
You are very stealthy in the water. (Stealth+)
You are amphibious.
You can wear up to eight rings at the same time.
You can use your tentacles to constrict eight enemies at once.
Your skin changes colour to match your surroundings (Stealth+).
Your rubbery body absorbs attacks. (AC +1, EV +1)


Message History

The scorpion stings something.
The scorpion poisons something!
The giant cockroach closely misses you.
Your worm bites something but does no damage.
You closely miss the giant cockroach. You grab the giant cockroach.
Your squeeze misses the giant cockroach.
You constrict the giant cockroach.
You constrict the giant cockroach, but do no damage.
The scorpion stings something.
The giant cockroach closely misses you. The giant cockroach bites you.
* * * LOW HITPOINT WARNING * * *
The scorpion stings your worm.
You release your grip on the giant cockroach. x2
Something bites Edmund.
Okay, then.
Something bites the scorpion!
The giant cockroach barely misses you.
Found a scroll labeled VOQAAS VUIHA.
Edmund looks more healthy.
The giant cockroach closely misses you. The ooze hits you.
You die...

#..?..#..#..#........
.....##s.#..#l.......
#..#......#)......#
##...@...........##
#...r...##.....###
#........#....##
#.ss.....#...##
##.J####.....# #@##
..#..# ### ### #


You could see Edmund, a scorpion, an ooze, a quokka and 2 giant cockroaches.

Vanquished Creatures
  Natasha (D:2)
  5 orcs (D:3)
  A bat (D:1)
  2 giant cockroaches (D:3)
  3 goblins
  A hobgoblin (D:3)
  A frilled lizard (D:2)
  2 kobolds
  A rat (D:2)
17 creatures vanquished.

Vanquished Creatures (collateral kills)
  Blork the orc (D:4)
  An orc (D:3)
2 creatures vanquished.

Vanquished Creatures (others)
  An adder (D:4)
1 creature vanquished.

Grand Total: 20 creatures vanquished

Notes
Turn   | Place    | Note
-------+----------+-------------------------------------------
     0 | D:1      | Maedhros the Octopode Artificer began the quest for the
                  | Orb.
     0 | D:1      | Reached XP level 1. HP: 13/13 MP: 3/3
    47 | D:1      | Reached skill level 2 in Stealth
    53 | D:1      | You fall into a shaft and drop 1 floor!
    62 | D:2      | Noticed Natasha
    70 | D:2      | Killed Natasha
    70 | D:2      | Reached skill level 4 in Stealth
    70 | D:2      | Reached skill level 1 in Unarmed Combat
    70 | D:2      | Reached XP level 2. HP: 18/18 MP: 4/4
    70 | D:2      | Reached XP level 3. HP: 23/23 MP: 5/5
    74 | D:2      | Found a bloodstained altar of Trog.
   173 | D:3      | Found a sparkling altar of Nemelex Xobeh.
   253 | D:4      | Noticed Blork the orc
   264 | D:4      | Noticed Edmund
   266 | D:4      | Killed Blork the orc
   266 | D:4      | Reached XP level 4. HP: 8/28 MP: 6/6
   284 | D:4      | Slain by an ooze

Illustrated notes

Levels and vault maps discovered:
D:1:      matt_arrival_spirals, layout_loops_ring, minmay_misc_feat_roman,
          ashenzari_altar_1
D:2:      layout_loops_ring, lemuel_doored_altar, lemuel_coloured_pillars_altar,
          first_ration, uniq_natasha
D:3:      minmay_wonky_spiral, layout_basic, nemelex_xobeh_ov_fountains_minmay
D:4:      layout_cave_pools, gammafunk_ghost_necromancy, uniq_blork_the_orc,
          uniq_pikel, uniq_menkaure, uniq_edmund

Skill      XL: |  1  2  3 |
---------------+----------+-----
Stealth        | 4 |  4.0
Unarmed Combat | 1 2 |  2.9
Fighting       | |  1.0
Short Blades   | |  1.0
Dodging        | |  2.0
Evocations     | |  3.2

Action                   |  1- 3 |  4- 6 || total
-------------------------+-------+-------++-------
Melee: Short sword       |    30 |     4 ||    34
       Constrict         |    10 |     3 ||    13
       Tentacles         |     7 |     1 ||     8
       Punch             |     1 |       ||     1
Evoke: Wand              |     8 |     3 ||    11
 Stab: Sleeping          |     5 |       ||     5
Dodge: Dodged            |    11 |     9 ||    20

Table legend:
 A = Non-vault XP
 B = Vault XP
 C = Vault XP percentage of total XP
 D = Non-vault monster count
 E = Vault monster count
 F = Vault count percentage of total count
                 A         B        C        D         E       F
            +---------+---------+-------+---------+---------+-------
      Total |      34 |      87 |  71.9 |      17 |       2 |  10.5
            +---------+---------+-------+---------+---------+-------
        D:1 |       5 |       0 |   0.0 |       3 |       0 |   0.0
        D:2 |       3 |      37 |  92.5 |       3 |       1 |  25.0
        D:3 |      26 |       0 |   0.0 |      11 |       0 |   0.0
        D:4 |       0 |      50 | 100.0 |       0 |       1 | 100.0
            +---------+---------+-------+---------+---------+-------
